 Dungeon Crawl Stone Soup version 0.31-a0-1139-gec03705108 (webtiles) character file.

Game seed: 5030487348425398595

41 MacCMillion the Shield-Bearer (level 3, -3/31 HPs)
             Began as a Ghoul Fighter on Dec 6, 2023.
             Slain by Natasha (5 damage)
             ... on level 2 of the Dungeon.
             The game lasted 00:01:50 (1062 turns).

MacCMillion the Shield-Bearer (Ghoul Fighter)       Turns: 1062, Time: 00:01:51

Health: -3/31      AC:  6    Str: 21    XL:     3   Next: 52%
Magic:  2/2        EV: 10    Int:  7    God:
Gold:   43         SH:  4    Dex:  8    Spells: 2/2 levels left

rFire   . . .        a - +0 war axe
rCold   + . .        c - +0 buckler
rNeg    + + +        i - +0 acid dragon scales
rPois   ∞            (no helmet)
rElec   .            (no cloak)
rCorr   +            (no gloves)
SInv    .            (no boots)
Will    .....        (no amulet)
Stlth   +            (no ring)
HPRegen 0.00/turn    (no ring)
MPRegen 0.08/turn

%: no passive effects
@: inhibited regen
A: claws 1, cold resistance 1, negative energy resistance 3, inhibited
regeneration, torment resistance 2, devour on kill
a: no special abilities


You were on level 2 of the Dungeon.
You visited 1 branch of the dungeon, and saw 2 of its levels.

You collected 43 gold pieces.

Inventory:

Hand Weapons
 a - a +0 war axe (weapon)
Armour
 b - a +0 scale mail
 c - a +0 buckler (worn)
 i - +0 acid dragon scales (worn)
Jewellery
 l - a ring of magical power
Scrolls
 e - a scroll of acquirement {unknown}
 f - a scroll of amnesia {unknown}
 h - 2 scrolls of noise {unknown}
 j - a scroll of fog {unknown}
 k - a scroll of poison {unknown}
 m - a scroll of fear {unknown}
 n - 2 scrolls of identify {unknown}
 o - a scroll of teleportation {unknown}
Potions
 d - a potion of might
 g - a potion of curing {unknown}


   Skills:
 - Level 3.2 Fighting
 + Level 2.7 Axes
 - Level 2.6 Armour
 + Level 3.4 Shields


You had 2 spell levels left.
You didn't know any spells.
Your spell library contained the following spells:

 Spells                   Type           Power      Damage    Failure   Level
 Cigotuvi's Dreadful Rot  Necr/Pois/Air  0%         N/A       73%         2
 Ignite Poison            Fire/Tmut/Pois 0%         N/A       91%         3
 Freezing Cloud           Conj/Ice/Air   0%         6-21      100%        5


Dungeon Overview and Level Annotations

Branches:
Dungeon (2/15)

Altars:

Annotations:
D:2 Natasha


Innate Abilities, Weirdness & Mutations

You are immune to poison.
You have sharp fingernails.
Your flesh is cold resistant. (rC+)
You are immune to negative energy. (rN+++)
You do not regenerate when monsters are visible.
You are immune to unholy pain and torment.
You thrive by killing the living.


Message History

The ball python attacks as it pursues you!
The ball python closely misses you. The ball python grabs you.
The ball python constricts you.
Natasha mumbles some strange words.
The ball python completely misses you. The ball python constricts you.
Natasha growls.
You hit the ball python.
You kill the ball python!
You feel better. The hobgoblin barely misses you.
The cerulean imp hits you from afar with a +2 spear!
You see here a ball python corpse.
You slash the hobgoblin!
You kill the hobgoblin!
You feel better.
The cerulean imp hits you from afar with a +2 spear.
The cerulean imp closely misses you.
You slash the cerulean imp!
The cerulean imp is heavily wounded.
The cerulean imp barely misses you.
The cerulean imp hits you with a +2 spear.
You slash the cerulean imp!
You kill the cerulean imp!
The cerulean imp disappears in a puff of smoke!
Natasha extends her claws.
Natasha claws you.
You miss Natasha. Natasha claws you.
You completely miss Natasha.
Natasha zaps a wand.
The puff of flame hits you.
Natasha zaps a wand.
The puff of flame hits you!
* * * LOW HITPOINT WARNING * * *
You are too injured to fight recklessly!
You are too injured to fight recklessly!
You closely miss Natasha. Natasha claws you but does no damage.
You miss Natasha.
Natasha hisses.
Natasha claws you.
* * * LOW HITPOINT WARNING * * *
Natasha claws you.
You die...
Natasha begins licking her fur clean.

# #..).# # #....# # #..(.# #
#....# #### #....# ...#
#....# ...# #....# ###
...###############....##.....
...............†@h...........
....##.....############......
....##...#.###### .....
.#.>...))†........ ....
.#.....#<#.####### ...
.#.....#.#.# .. .........#.#
. .........#.. .........#.#


You could see Natasha.

Vanquished Creatures
  2 dart slugs (D:1)
  4 ball pythons
  2 bats
  2 endoplasms (D:1)
  A giant cockroach (D:1)
  3 hobgoblins
  4 jackals
  A quokka (D:2)
  2 frilled lizards
  7 goblins
  2 kobolds (D:1)
  A rat (D:1)
31 creatures vanquished.

Notes
Turn   | Place    | Note
-------+----------+-------------------------------------------
     0 | D:1      | MacCMillion the Ghoul Fighter began the quest for the Orb.
     0 | D:1      | Reached XP level 1. HP: 19/19 MP: 0/0
   154 | D:1      | Reached XP level 2. HP: 23/26 MP: 1/1
   410 | D:1      | Reached XP level 3. HP: 31/31 MP: 2/2
  1043 | D:2      | Noticed Natasha
  1062 | D:2      | Slain by Natasha

Illustrated notes

Levels and vault maps discovered:
D:1:      dpeg_arrival_arbitrary_c, layout_basic, serial_forest,
          infiniplex_forest_straight_3, infiniplex_forest_lined_3,
          infiniplex_forest_clump_medium, infiniplex_forest_straight_4,
          infiniplex_forest_zigzag_1, infiniplex_forest_end_2,
          kennysheep_decorative_pillar
D:2:      layout_basic, ebering_ecumenical_altar_petrified, uniq_natasha

Skill      XL: |  1  2 |
---------------+-------+-----
Axes           | 2 |  2.7
Shields        | 3 |  3.4
Fighting       | |  3.2
Armour         | |  2.6

Action                     || total
---------------------------++-------
  Melee: War axe           ||   142
 Armour: Scale mail        ||    13
         Acid dragon scale ||    55
  Dodge: Dodged            ||    38
  Block: Buckler           ||    21

Table legend: (Time is in decaauts)
 A = Elapsed time spent in this place.
 B = Non-inter-level travel time spent in this place.
 C = Inter-level travel time spent in this place.
 D = Time resting spent in this place.
 E = Time spent auto-exploring this place.
 F = Levels seen in this place.
 G = Mean time per level.
                   A        B        C        D        E       F      G
               +--------+--------+--------+--------+--------+-----+--------+
         Total |   1121 |   1048 |     73 |     45 |    656 |   2 |  560.5 |
       Dungeon |   1121 |   1048 |     73 |     45 |    656 |   2 |  560.5 |
               +--------+--------+--------+--------+--------+-----+--------+

Top non-repeatable levels by time:
     D:1: 963 daAuts
     D:2: 158 daAuts
